 Dungeon Crawl Stone Soup version 0.30-a0-165-g1891117ce2 (webtiles) character file.

Game seed: 12027616372544002726

1854 spiderkeys the Destroyer (level 9, -3/51 HPs)
             Began as an Octopode Ice Elementalist on Sept 28, 2022.
             Was an Initiate of Gozag.
             Slain by a steam dragon (5 damage)
             ... on level 5 of the Dungeon.
             The game lasted 00:12:02 (7771 turns).

spiderkeys the Destroyer (OpIE)                     Turns: 7771, Time: 00:12:02

Health: -3/51      AC:  1    Str:  7    XL:     9   Next: 12%
Magic:  10/18      EV: 13    Int: 21    God:    Gozag
Gold:   674        SH:  0    Dex: 13    Spells: 6/20 levels left

rFire   . . .      SeeInvis .    h - staff of conjuration {!a}
rCold   . . .      Faith    .    (no shield)
rNeg    . . .      Spirit   .    (helmet restricted)
rPois   .          Reflect  .    (no amulet)
rElec   .          Harm     .    Y - +4 ring of slaying
rCorr   .          Rampage  .    (no ring)
Will    .....                    (no ring)
Stlth   +++.......               (no ring)
HPRegen 0.17/turn                (no ring)
MPRegen 0.16/turn                (no ring)
                                 (no ring)
                                 (no ring)

@: gold aura
A: almost no armour, amphibious, 8 rings, camouflage 1, gelatinous body 1,
(nimble swimmer 1), tentacles
a: Renounce Religion, Potion Petition, Call Merchant, Bribe Branch


You were on level 5 of the Dungeon.
You worshipped Gozag.
Gozag was pleased with you.
You visited 2 branches of the dungeon, and saw 7 of its levels.

You collected 708 gold pieces.
You paid 34 gold pieces to Gozag.


Innate Abilities, Weirdness & Mutations

You cannot wear most types of armour.
You are amphibious.
You can wear up to eight rings at the same time.
Your skin changes colour to match your surroundings (Stealth+).
Your rubbery body absorbs attacks. (AC +1, EV +1)
((You are camouflaged when in or above water. (Stealth+)))
You have tentacles for arms and can constrict up to eight enemies at once.


   Skills:
 - Level 2.0 Dodging
 - Level 2.7 Stealth
 + Level 6.4 Spellcasting
 * Level 9.3 Conjurations
 - Level 4.0 Ice Magic


You had 6 spell levels left.
You knew the following spells:

 Your Spells              Type           Power      Damage    Failure   Level
f - Freeze                Ice            92%        1d10      1%          1
m - Magic Dart            Conj           100%       1d8       1%          1
o - Ozocubu's Armour      Ice            23%        N/A       5%          3
p - Fulminant Prism       Conj/Hex       19%        3d11      14%         4
r - Frozen Ramparts       Ice            46%        1d7       5%          3
s - Searing Ray           Conj           100%       2d8       1%          2

Your spell library contained the following spells:

 Spells                   Type           Power      Damage    Failure   Level
 Apportation              Tloc           12%        N/A       10%         1
 Necrotise                Necr           24%        1d5       10%         1
 Summon Small Mammal      Summ           24%        N/A       10%         1
 Vampiric Draining        Necr           6%         2d6       28%         3
 Summon Ice Beast         Ice/Summ       15%        N/A       38%         4
 Agony                    Necr           6%         N/A       95%         5
 Alistair's Intoxication  Tmut/Pois      4%         N/A       95%         5

Inventory:

Hand Weapons
 j - a +1 dagger of venom
   (You took it off a goblin on level 2 of the Dungeon)
Missiles
 k - 31 stones
 m - 4 boomerangs
Magical Staves
 h - a staff of conjuration (weapon) {!a}
   (You found it on level 2 of the Dungeon)
Jewellery
 Y - a +4 ring of slaying (left tentacle)
   (You found it on level 4 of the Dungeon)
Wands
 l - a wand of flame (40)
   (You found it on level 2 of the Dungeon)
 r - a wand of digging (5)
   (You took it off Jessica on level 3 of the Dungeon)
 w - a wand of iceblast (10)
   (You found it on level 5 of the Dungeon)
Scrolls
 c - 2 scrolls of identify {@r1}
 d - 4 scrolls of teleportation {@r4}
 g - a scroll of enchant weapon
 i - 3 scrolls of vulnerability {!r!r}
 o - 2 scrolls of butterflies
 s - a scroll of fear {unknown}
 t - a scroll of magic mapping {!r}
 v - a scroll of immolation {!r!r}
Potions
 a - 2 potions of magic
 b - a potion of cancellation {unknown}
 e - 2 potions of berserk rage {unknown}
 f - a potion of lignification {unknown}
 n - 2 potions of resistance
 p - 5 potions of attraction {!q}
 q - a potion of might {unknown}
 u - a potion of haste {@q3}
 x - a potion of curing {unknown}

Dungeon Overview and Level Annotations

Branches:
Dungeon (6/15) Zot: 25298  Temple (1/1) D:4 Zot: 5914

Altars:
Gozag
Makhleb
Vehumet

Shops:
D:5

:
#.#.#####.###.#.#.
#.#.# #...#.#.#<
#.#.#######.#.#.#.
#.#.......#.#.#.#.
#.#######.#.#.#.#.
#.# #.#.#.#.#. #.#
#.#.#...#. #.#
#.#.###### #@#
#.#....... #D#
#.########
#.$....[#........#
################.#
#...........#
#.###########
#........####
#######..[>....'...
#>.............####


You could see a steam dragon (catching breath).


Message History

The centaur unwields a +0 shortbow.
The centaur hits you. The centaur kicks you. 😕 HP[-8] MP[-1]
You take 8 damage, and now have 43/51 hp.
You lost 1 mp, and now have 14/18 mp.
The searing ray hits the centaur!
You kill the centaur!
You finish channelling your searing ray. 😕 MP[-1]
You lost 1 mp, and now have 13/18 mp.
An orc is nearby! 😕 HP[+1] MP[+2]
You regained 2 mp, and now have 15/18 mp.
You feel a surge of power!
The magic dart hits the orc. 😕 HP[+1] MP[-1]
You lost 1 mp, and now have 14/18 mp.
You feel a surge of power!
The magic dart hits the orc. 😕 MP[-1]
You lost 1 mp, and now have 13/18 mp.
You feel a surge of power!
The magic dart hits the orc!
You kill the orc! 😕 MP[-1]
You lost 1 mp, and now have 12/18 mp.
You can't see any susceptible monsters within range! (Use Z to cast anyway.)
You now have 662 gold pieces (gained 25).
You see here a +0 shortbow.
There is an entrance to Uttazem's Vocational Training here.
You can access your shopping list by pressing '$'. 😎 HP[+6] MP[+6]
Your hp is fully restored (51).
Your mp is fully restored (18).
You now have 674 gold pieces (gained 12).
There is a fountain of clear blue water here.
You see here a +2 dagger of venom.
Key pressed, stopping explore.
There is an open door here.
There is an open door here.
Items here: )) [[.
There is an open door here.
There is an open door here.
A steam dragon and an orc come into view.
Casting: Magic Dart (safe; 1% risk of failure)
Confirm with . or Enter, or press ? or * to list all spells.
Aiming: Searing Ray (safe; 1% risk of failure)
Press: ? - help, Shift-Dir - straight line, f - steam dragon
Aim: a steam dragon (asleep, 100% to hit)
You feel a surge of power!
The searing ray hits the steam dragon. (Press . to maintain the ray.) 😎 MP[-2]
You lost 2 mp, and now have 16/18 mp.
The searing ray hits the steam dragon! 😎 MP[-1]
You lost 1 mp, and now have 15/18 mp.
The searing ray hits the steam dragon but does no damage.
The steam dragon bites you!
The steam dragon claws you. 😕 HP[-12] MP[-1]
You take 12 damage, and now have 39/51 hp.
MASSIVE DAMAGE!! (PAUSE)
You lost 1 mp, and now have 14/18 mp.
The searing ray hits the steam dragon!
You finish channelling your searing ray.
The steam dragon bites you!
The steam dragon barely misses you. 😮 HP[-11] MP[-1]
You take 11 damage, and now have 28/51 hp.
MASSIVE DAMAGE!! (PAUSE)
You lost 1 mp, and now have 13/18 mp.
Casting: Searing Ray (safe; 1% risk of failure)
Confirm with . or Enter, or press ? or * to list all spells.
Aiming: Searing Ray (safe; 1% risk of failure)
Press: ? - help, Shift-Dir - straight line, f/p - steam dragon
Aim: a steam dragon (severely wounded, 83% to hit)
You feel a surge of power!
The searing ray hits the steam dragon. (Press . to maintain the ray.)
The steam dragon breathes steam at you. The ball of steam hits you!!
* * * LOW HITPOINT WARNING * * *
😱 HP[-21] MP[-2]
You take 21 damage, and now have 7/51 hp.
MASSIVE DAMAGE!! (PAUSE)
You lost 2 mp, and now have 11/18 mp.
The steam dragon attacks as you move away!
The steam dragon bites you.
* * * LOW HITPOINT WARNING * * *
The steam dragon misses you. 😱 HP[-5] MP[+1]
You take 5 damage, and now have 2/51 hp.
Unknown command.
Okay, then.
Okay, then.
Casting: Searing Ray (safe; 1% risk of failure)
Confirm with . or Enter, or press ? or * to list all spells.
Aiming: Searing Ray (safe; 1% risk of failure)
Press: ? - help, Shift-Dir - straight line, f - orc, p - steam dragon
Aim: an orc, wielding a +0 falchion and wearing a +0 leather armour (83% to hit)
You feel a surge of power!
The searing ray hits the steam dragon.
The searing ray hits the orc!
You kill the orc! (Press . to maintain the ray.)
The steam dragon barely misses you. The steam dragon claws you.
You die...
Your body crumbles into a pile of gold.

Skill      XL: |  1  2  3  4  5  6  7  8  9 |
---------------+----------------------------+-----
Conjurations   | 1 2 3 4 5 6 8 9 |  9.3
Spellcasting   | 3 4 5 6 |  6.4
Dodging        | |  2.0
Stealth        | |  2.7
Ice Magic      | |  4.0

Action                   |  1- 3 |  4- 6 |  7- 9 || total
-------------------------+-------+-------+-------++-------
Melee: Rapier            |    22 |       |       ||    22
       Constrict         |     7 |     1 |       ||     8
       Tentacles         |     4 |       |       ||     4
       Staff             |       |     3 |       ||     3
 Cast: Magic Dart        |    48 |    78 |    91 ||   217
       Searing Ray       |     2 |     7 |    30 ||    39
       Freeze            |     2 |     4 |    21 ||    27
Evoke: Wand              |       |     1 |       ||     1
  Use: Scroll            |       |     6 |     7 ||    13
       Potion            |       |       |     1 ||     1
 Stab: Sleeping          |     1 |       |       ||     1
Armor: Skin              |     1 |       |     2 ||     3
Dodge: Dodged            |    21 |    13 |    26 ||    60

Levels and vault maps discovered:
D:1:      psy_arrival_statuary, layout_basic,
          ebering_ecumenical_altar_sacrificial
D:2:      layout_basic
D:3:      layout_rooms, nicolae_gozag_cash_rules_everything_around_me,
          serial_corexii_hall, chequers_hall_statues_y, corexii_hall_statues_l,
          uniq_natasha, uniq_jessica
D:4:      layout_loops_cross, minmay_temple_entry_tees,
          minmay_increasing_density
D:5:      minmay_skewed_foursquare, layout_basic, makhleb_blood_cavern_becter,
          nicolae_vehumet_radiance, nicolae_shop_vocational
D:6:      layout_basic, gammafunk_ghost_hive
Temple:   oiseaux_autumnal_temple

Notes
Turn   | Place    | Note
-------+----------+-------------------------------------------
     0 | D:1      | spiderkeys the Octopode Ice Elementalist began the quest
                  | for the Orb.
     0 | D:1      | Reached XP level 1. HP: 11/11 MP: 3/3
     0 | D:1      | magus.rc [v1.11.3]
    82 | D:1      | You pick up a book of Conjurations and begin reading...
    82 | D:1      | You add the spells Magic Dart, Searing Ray and Fulminant
                  | Prism to your library.
   113 | D:1      | Learned a level 1 spell: Magic Dart
   300 | D:1      | Found a faded altar of an unknown god.
   497 | D:1      | Reached skill level 1 in Conjurations
   497 | D:1      | Reached XP level 2. HP: 17/17 MP: 0/5
   565 | D:1      | Learned a level 2 spell: Searing Ray
  1211 | D:2      | Reached XP level 3. HP: 21/21 MP: 0/6
  1425 | D:2      | Reached skill level 2 in Conjurations
  1789 | D:2      | Reached XP level 4. HP: 26/27 MP: 1/8
  2086 | D:3      | Reached skill level 3 in Spellcasting
  2281 | D:3      | Identified the +3 leather armour "Otilof" {Harm rN+}
  2296 | D:3      | Noticed Natasha
  2302 | D:3      | Killed Natasha
  2303 | D:3      | Reached skill level 3 in Conjurations
  2370 | D:3      | Noticed Natasha
  2373 | D:3      | Killed Natasha
  2374 | D:3      | Reached XP level 5. HP: 22/31 MP: 5/9
  2464 | D:3      | You pick up a book of Party Tricks and begin reading...
  2464 | D:3      | You add the spells Apportation and Alistair's Intoxication
                  | to your library.
  2567 | D:3      | Noticed Jessica
  2568 | D:3      | Killed Jessica
  2714 | D:3      | Noticed Natasha
  2725 | D:3      | Killed Natasha
  2726 | D:3      | Reached skill level 4 in Conjurations
  2952 | D:3      | You pick up a book of Cantrips and begin reading...
  2952 | D:3      | You add the spells Necrotise and Summon Small Mammal to
                  | your library.
  3108 | D:3      | Found an opulent altar of Gozag.
  3130 | D:3      | Became a worshipper of Gozag Ym Sagoz the Greedy
  3261 | D:4      | Reached XP level 6. HP: 33/36 MP: 4/11
  3443 | D:4      | Found a staircase to the Ecumenical Temple.
  3558 | Temple   | Entered the Ecumenical Temple
  3649 | D:4      | Reached skill level 4 in Spellcasting
  3650 | D:4      | Reached skill level 5 in Conjurations
  3999 | D:4      | Reached XP level 7. HP: 41/41 MP: 7/13
  4438 | D:4      | Reached skill level 6 in Conjurations
  5014 | D:5      | Entered Level 5 of the Dungeon
  5098 | D:5      | Reached skill level 5 in Spellcasting
  5098 | D:5      | Reached XP level 8. HP: 13/46 MP: 1/15
  5316 | D:5      | Reached skill level 7 in Conjurations
  5674 | D:5      | Found a burning altar of Makhleb.
  6067 | D:5      | HP: 11/46 [centaur/arrow (12)]
  6073 | D:6      | HP: 11/46 [bullfrog (1)]
  6075 | D:6      | HP: 3/46 [bullfrog (4)]
  6077 | D:6      | Reached skill level 8 in Conjurations
  6544 | D:6      | You pick up a book of Necromancy and begin reading...
  6544 | D:6      | You add the spells Vampiric Draining and Agony to your
                  | library.
  6723 | D:6      | Reached skill level 6 in Spellcasting
  6891 | D:5      | Reached XP level 9. HP: 37/51 MP: 2/18
  7000 | D:5      | Learned a level 3 spell: Ozocubu's Armour
  7004 | D:5      | Learned a level 3 spell: Frozen Ramparts
  7034 | D:5      | Learned a level 4 spell: Fulminant Prism
  7045 | D:5      | Reached skill level 9 in Conjurations
  7347 | D:5      | Found a radiant altar of Vehumet.
  7577 | D:5      | Found Uttazem's Vocational Training.
  7769 | D:5      | HP: 7/51 [steam dragon/ball of steam (21)]
  7770 | D:5      | HP: 2/51 [steam dragon (5)]
  7771 | D:5      | Slain by a steam dragon

Vanquished Creatures
  A black bear (D:5)
  An ogre (D:4)
  A centaur (D:5)
  2 phantoms
  A bullfrog (D:6)
  3 necrophages
  5 scorpions
  3 howler monkeys
  4 hounds
  3 jellies
  Jessica (D:3)
  Natasha (thrice) (D:3)
  7 iguanas
  3 orc wizards
  4 gnolls (D:4)
  10 adders
  A shadow imp (D:5)
  A white imp (D:5)
  3 worms
  2 dart slugs
  11 orcs
  7 endoplasms
  3 giant cockroaches
  10 goblins
  4 hobgoblins
  4 jackals (D:2)
  3 quokkas
  6 ball pythons
  8 bats
  6 kobolds
  2 rats
123 creatures vanquished.

Table legend:
 A = Non-vault XP
 B = Vault XP
 C = Vault XP percentage of total XP
 D = Non-vault monster count
 E = Vault monster count
 F = Vault count percentage of total count
                 A         B        C        D         E       F
            +---------+---------+-------+---------+---------+-------
      Total |    1995 |     657 |  24.8 |     107 |      16 |  13.0
            +---------+---------+-------+---------+---------+-------
        D:1 |      24 |       0 |   0.0 |      13 |       0 |   0.0
        D:2 |      61 |       0 |   0.0 |      21 |       0 |   0.0
        D:3 |     134 |      72 |  35.0 |      20 |       2 |   9.1
        D:4 |     536 |     179 |  25.0 |      28 |       7 |  20.0
        D:5 |     798 |     406 |  33.7 |      19 |       7 |  26.9
        D:6 |     442 |       0 |   0.0 |       6 |       0 |   0.0
            +---------+---------+-------+---------+---------+-------

Illustrated notes

Table legend:
 A = Kills in this place as a percentage of kills in entire the game.
 B = Kills by you in this place as a percentage of kills by you in the entire game.
 C = Kills by friends in this place as a percentage of kills by friends in the entire game.
 D = Other kills in this place as a percentage of other kills in the entire game.
 E = Experience gained in this place as a percentage of experience gained in the entire game.
 F = Experience gained in this place divided by the number of levels of this place that you have seen.
                   A       B       C       D       E      F
               +-------+-------+-------+-------+-------+----------------------
         Total | 100.0 | 100.0 |   N/A |   N/A | 100.0 | 378.9
       Dungeon | 100.0 | 100.0 |   N/A |   N/A | 100.0 | 442.0
               +-------+-------+-------+-------+-------+----------------------

Table legend: (Time is in decaauts)
 A = Elapsed time spent in this place.
 B = Non-inter-level travel time spent in this place.
 C = Inter-level travel time spent in this place.
 D = Time resting spent in this place.
 E = Time spent auto-exploring this place.
 F = Levels seen in this place.
 G = Mean time per level.
                   A        B        C        D        E       F      G
               +--------+--------+--------+--------+--------+-----+--------+
         Total |   7773 |   7685 |     88 |    530 |   6351 |   7 | 1110.4 |
       Dungeon |   7688 |   7600 |     88 |    446 |   6351 |   6 | 1281.3 |
        Temple |     85 |     85 |      0 |     84 |      0 |   1 |   85.0 |
               +--------+--------+--------+--------+--------+-----+--------+

Top non-repeatable levels by time:
     D:5: 2003 daAuts
     D:4: 1695 daAuts
     D:3: 1149 daAuts
     D:2: 1084 daAuts
     D:1: 1001 daAuts
     D:6: 753 daAuts
  Temple: 85 daAuts
